 Dungeon Crawl Stone Soup version 0.19-a0-1827-g174f941 (webtiles) character file.

2880 Charly the Covert (level 9, -2/39 HPs)
             Began as a Spriggan Enchanter on Oct 7, 2016.
             Was an Initiate of Ashenzari.
             Asphyxiated
             ... on level 11 of the Dungeon.
             The game lasted 00:30:49 (1996 turns).

Charly the Covert (Spriggan Enchanter)              Turns: 1996, Time: 00:30:50

Health: -2/39      AC:  9    Str:  4    XL:     9   Next: 48%
Magic:  16/17      EV: 15    Int: 19    God:    Ashenzari [......]
Gold:   153        SH:  0    Dex: 17    Spells: 2 memorised, 13 levels left

rFire  . . .     SeeInvis +     a - +2 dagger (pierce) (curse)
rCold  . . .     Gourm    .     s - quicksilver dragon armour
rNeg   . . .     Faith    .     (shield restricted)
rPois  .         Spirit   .     (helmet restricted)
rElec  .         Dismiss  .     (no cloak)
rCorr  .         Reflect  .     (gloves unavailable)
MR     ++...     Harm     .     (boots unavailable)
Stlth  +++++.....               (no amulet)
                                (no ring)
                                (no ring)

@: lethally poisoned (-2 -> -13), very quick
A: unfitting armour, see invisible, herbivore 3, speed 3, slow metabolism 2
a: Curse Item, Renounce Religion


You were on level 11 of the Dungeon.
You worshipped Ashenzari.
Ashenzari was noncommittal.
You were not hungry.

You visited 2 branches of the dungeon, and saw 12 of its levels.
You also visited: Labyrinth and Bailey.

You collected 153 gold pieces.

Inventory:

Hand Weapons
 a - a cursed +2 dagger of piercing (weapon)
 r - a +8 blowgun
Armour
 b - a +2 robe
 s - a quicksilver dragon armour (worn)
Magical Staves
 t - an uncursed staff of energy
Rods
 p - a +1 rod of clouds (9/9)
   (You took it off a minotaur in a labyrinth)
 u - a +5 iron rod (11/11)
   (You found it in a labyrinth)
Jewellery
 v - the amulet of Najeyjusm {Gourm +Blink Int+4 Dex+2 Stlth-}
   (You found it in a labyrinth)

   [amulet of the gourmand]

   It allows you to eat raw meat even when not hungry.
   It affects your intelligence (+4).
   It affects your dexterity (+2).
   It lets you blink.
   It makes you less stealthy.
Wands
 e - a wand of paralysis (0/24)
 g - a wand of acid (2/15)
 h - a wand of acid (9/15)
 l - a wand of flame (36/48)
 o - a wand of random effects (22/48)
 q - a wand of acid (5/15)
 w - a wand of paralysis (11/24)
Scrolls
 f - 3 scrolls of enchant armour
 j - a scroll of teleportation
 k - a scroll of fear
 m - a scroll of enchant weapon
Potions
 i - a potion of might
 n - a potion of flight
Books
 c - a book of Maledictions

   Spells                             Type                      Level
   a - Corona                         Hexes                        1
   b - Ensorcelled Hibernation        Hexes/Ice                    2
   c - Confuse                        Hexes                        3
   d - Tukima's Dance                 Hexes                        3
   e - Dazzling Spray                 Conjuration/Hexes            3
Comestibles
 d - 2 bread rations


   Skills:
 - Level 4.2 Short Blades
 + Level 1.9 Armour
 + Level 5.0 Dodging
 * Level 13.4 Stealth
 - Level 5.0 Spellcasting
 * Level 9.6 Hexes


You had 13 spell levels left.
You knew the following spells:

 Your Spells              Type           Power        Failure   Level  Hunger
c - Confuse               Hex            #####...     4%          3    ##.....
h - Ensorcelled Hibernat  Hex/Ice        ###...       14%         2    #......


Dungeon Overview and Level Annotations

Branches:
Dungeon (13/15)            Temple (1/1) D:5
   Lair: D:8-11         Orc: D:9-12      Vaults: D:13-14

Altars:
Ashenzari
Cheibriados
Elyvilon
Fedhas
Gozag
Hepliaklqana
Kikubaaqudgha
Makhleb
Nemelex Xobeh
Okawaru
Ru
Trog
Uskayaw
Vehumet
Xom
Zin
The Shining One

Annotations:
D:3 benitares's ghost, amateur OgMo
D:7 Gruesome's ghost, novice NaGl
D:11 Sonja
D:12 Erolcha


Innate Abilities, Weirdness & Mutations

You are very small and have problems with some larger weapons.
You are too small for most types of armour.
You have supernaturally acute eyesight. (SInv)
You are a herbivore.
You cover ground extremely quickly.
You need consume almost no food.


Message History

There is an open door here.
Okay, then.
Drop what? 23/52 slots (_ for help) (? for menu, Esc to quit)
Okay, then.
Evoke which item? (* to show all) (? for menu, Esc to quit)
Zapping:
w - a wand of paralysis (13/24)
Press: ? - help, Shift-Dir - straight line, f - Sonja
Aim: Sonja, wielding a dagger of venom and quivering 8 curare-tipped needles (chance to defeat MR: 54%) Sonja resists with significant effort.
This wand has 12 charges left.
Evoke which item? (* to show all) (? for menu, Esc to quit)
Zapping:
w - a wand of paralysis (12/24)
Press: ? - help, Shift-Dir - straight line, f/p - Sonja
Aim: Sonja, wielding a dagger of venom and quivering 8 curare-tipped needles (chance to defeat MR: 54%) Sonja resists with significant effort.
This wand has 11 charges left.
Sonja unwields an uncursed dagger of venom.
It stops dripping with poison.
Sonja wields an uncursed blowgun.
Sonja shoots a curare-tipped needle.
The curare-tipped needle hits you.
You are lethally poisoned!
You have difficulty breathing.
You die...

..# .= .. #.# . #K.#
#.## ##..# #....## #..#
...5...### ###@########
.......'.###..........#
.......#..##..........#
.......##5##..........#
....... #..#.......>..#
....... ##.#.......>..#
....... #.'..>(......#
####### ###..........#
#..........#


You could see Sonja.

Vanquished Creatures
  A minotaur (Lab)
  A troll (D:11)
  4 yaks (D:11)
  A hungry ghost (D:11)
  A water moccasin (D:6)
  Edmund (D:6)
  2 sky beasts
  A black bear (D:11)
  2 ogres (D:5)
  3 bullfrogs
  A scorpion (D:11)
  A jelly (D:6)
  A quasit (D:11)
  A crimson imp (D:6)
  2 hounds (D:8)
  2 orc wizards (D:11)
  A worker ant zombie (D:5)
  4 adders
  A howler monkey skeleton (D:6)
  A leopard gecko (D:5)
  4 orcs
  A giant cockroach (D:5)
  4 goblins (D:8)
  5 kobolds
  A ball python (D:5)
  2 bats (D:1)
  A frilled lizard (D:1)
  A rat (D:1)
51 creatures vanquished.

Notes
Turn   | Place    | Note
-------+----------+-------------------------------------------
     0 | D:1      | Charly the Spriggan Enchanter began the quest for the Orb.
     0 | D:1      | Reached XP level 1. HP: 9/9 MP: 5/5
   137 | D:2      | Reached skill level 5 in Stealth
   150 | D:3      | Noticed benitares's ghost (amateur OgMo)
   181 | D:4      | Noticed an orc wizard
   182 | D:4      | Noticed an orc wizard
   186 | D:4      | Noticed a hand axe
   187 | D:4      | Noticed a hand axe
   190 | D:4      | Found a hide-covered altar of Uskayaw.
   205 | D:5      | Entered Level 5 of the Dungeon
   242 | D:5      | Reached XP level 2. HP: 10/13 MP: 6/6
   246 | D:5      | Learned a level 2 spell: Ensorcelled Hibernation
   276 | D:6      | Noticed a crimson imp
   290 | D:6      | Noticed a bullfrog
   296 | D:7      | Noticed a bullfrog
   296 | D:7      | Noticed Gruesome's ghost (novice NaGl)
   308 | D:6      | Noticed a sky beast
   309 | D:6      | Killed a bullfrog
   309 | D:6      | Reached skill level 6 in Stealth
   309 | D:6      | Reached XP level 3. HP: 14/16 MP: 8/8
   309 | D:6      | Reached XP level 4. HP: 19/21 MP: 9/9
   316 | D:6      | Killed a sky beast
   316 | D:6      | Reached skill level 8 in Stealth
   316 | D:6      | Reached skill level 5 in Hexes
   316 | D:6      | Reached XP level 5. HP: 22/24 MP: 10/10
   354 | D:6      | Learned a level 3 spell: Confuse
   472 | D:7      | Noticed a sky beast
   482 | D:7      | Killed a sky beast
   482 | D:7      | Reached skill level 9 in Stealth
   482 | D:7      | Reached XP level 6. HP: 28/28 MP: 7/11
   583 | D:8      | Found a flagged portal.
   597 | Bailey   | Entered a bailey
   830 | D:4      | Found a bloodstained altar of Trog.
   872 | D:5      | Reached XP level 7. HP: 29/32 MP: 11/13
   897 | D:5      | Reached skill level 10 in Stealth
  1072 | D:6      | Found a snail-covered altar of Cheibriados.
  1115 | D:6      | Noticed Edmund
  1122 | D:6      | Killed Edmund
  1334 | D:5      | Found a staircase to the Ecumenical Temple.
  1343 | Temple   | Entered the Ecumenical Temple
  1493 | Temple   | Became a worshipper of Ashenzari the Shackled
  1629 | D:8      | You fall through a shaft for 3 floors!
  1659 | D:12     | Found a labyrinth entrance.
  1664 | Lab      | Entered a labyrinth
  1767 | Lab      | Noticed a minotaur
  1771 | Lab      | Killed a minotaur
  1771 | Lab      | Reached skill level 12 in Stealth
  1771 | Lab      | Reached skill level 5 in Spellcasting
  1771 | Lab      | Reached XP level 8. HP: 36/36 MP: 14/16
  1777 | Lab      | Identified the amulet of Najeyjusm {Gourm +Blink Int+4 Dex+2 Stlth-} (You found it in a labyrinth)
  1809 | D:12     | Noticed Erolcha
  1885 | D:11     | Reached XP level 9. HP: 39/39 MP: 17/17
  1886 | D:11     | Reached skill level 1 in Armour
  1934 | D:11     | Noticed a green ugly thing
  1937 | D:11     | Reached skill level 13 in Stealth
  1971 | D:11     | Noticed a troll
  1975 | D:11     | Killed a troll
  1986 | D:11     | Reached skill level 5 in Dodging
  1995 | D:11     | Noticed Sonja
  1996 | D:11     | Asphyxiated

Vault maps used:
D:1:      minmay_arrival_shoal_huts, st_stairs_10
D:2:      minmay_misc_feat_plants, nemelex_spade_bored_becter
D:3:      first_bread, minmay_tree_intersection
D:4:      dancing_weapons_uskayaw, lemuel_coloured_pillars_altar,
          serial_park_tiny_2, nicolae_ru_great_annihilating_truth
D:6:      kennysheep_kobold_camp, slow_altar_1, uniq_edmund
D:8:      tgw_sif, enter_bailey_3
D:11:     grunt_ogre_cave, uniq_sonja
D:12:     lab_entry_generic, serial_shops, shop_fountains, uniq_erolcha
D:13:     erik_vaults_2, stair_cage_cross, fountainhead,
          small_statue_intersection
Temple:   eino_narrow_crystal_temple
Lab:      labyrinth_mini_lab
Bailey:   bailey_polearm_flooded_kennysheep, bailey

Skill      XL: |  1  2  3  4  5  6  7  8  9 |
---------------+----------------------------+-----
Stealth        | 5 6 8 9 12 13 | 13.4
Hexes          | 4 5 6 8 9 |  9.6
Spellcasting   | 3 5 |  5.0
Short Blades   | 2 4 |  4.2
Armour         | 1 |  1.9
Dodging        | 5 |  5.0

Action                   |  1- 3 |  4- 6 |  7- 9 || total
-------------------------+-------+-------+-------++-------
Melee: Dagger            |    24 |    25 |    34 ||    83
 Cast: Corona            |     6 |       |       ||     6
       Confuse           |       |     4 |     5 ||     9
       Ensorcelled Hiber |       |     9 |     3 ||    12
Invok: Curse Item        |       |       |     1 ||     1
Evoke: Wand              |       |     3 |    17 ||    20
  Use: Scroll            |     1 |     7 |    14 ||    22
 Stab: Sleeping          |     5 |    12 |     8 ||    25
       Confused          |       |     2 |     4 ||     6
       Paralysed         |       |       |     5 ||     5
  Eat: Royal jelly       |       |       |     1 ||     1
       Pizza             |       |       |     1 ||     1
Armor: Robe              |     3 |       |     3 ||     6
       Quicksilver drago |       |       |     9 ||     9
Dodge: Dodged            |    24 |    12 |    21 ||    57
